Map: Piattaforma kimerana

Players

Maklaut

  • Race: Protoss Protoss
  • League: Silver
  • Spawn Location: 12:00

syrryk

  • Race: Terran Terran
  • League: Silver
  • Spawn Location: 1:00

DannyBoy

  • Race: Protoss Protoss
  • Spawn Location: 12:00

TVARELA

  • Race: Zerg Zerg
  • League: Gold
  • Spawn Location: 11:00

SadBanana

  • Race: Terran Terran
  • League: Gold
  • Spawn Location: 5:00

Jhyrachy

  • Race: Zerg Zerg
  • League: Silver
  • Spawn Location: 6:00

Esmen

  • Race: Zerg Zerg
  • League: Bronze
  • Spawn Location: 7:00

Qwerty

  • Race: Zerg Zerg
  • Spawn Location: 6:00

VOD

Have the link to the VOD?

Description

Time

  • Played on: March 29, 2016, 7:48 a.m.
  • Length: 15:03
Show
View Real Time Build Order
Export as new Build Order

Maklaut Protoss 

Build Orders:  

Get SALT Encoding   

  12  0:20  Probe (Chrono Boost)  
  13  0:22  Pylon  
  13  0:31  Probe (Chrono Boost)  
  14  0:41  Probe (Chrono Boost)  
  15  0:49  Gateway  
  15  0:52  Probe (Chrono Boost)  
  15  0:55  Assimilator  
  16  1:16  Assimilator, Probe (Chrono Boost)  
  17  1:25  Pylon  
  17  1:27  Probe (Chrono Boost)  
  18  1:37  Probe (Chrono Boost)  
  19  2:09  Cybernetics Core  
  19  2:10  Forge  
  19  2:11  Probe (Chrono Boost)  
  20  2:21  Nexus, Probe (Chrono Boost)  
  21  2:27  Pylon  
  21  2:30  Pylon  
  21  2:32  Probe (Chrono Boost)  
  22  2:54  Stargate  
  22  2:56  Photon Cannon  
  22  3:04  Pylon  
  22  3:26  Photon Cannon  
  22  3:28  Photon Cannon  
  22  3:32  Assimilator  
  22  3:36  Probe (Chrono Boost)  
  23  3:46  Probe x2 (Chrono Boost)  
  25  3:55  Probe  
  25  3:57  Probe  
  27  4:05  Mothership Core  
  27  4:09  Probe  
  30  4:13  Fleet Beacon  
  30  4:23  Probe  
  31  4:24  Probe  
  32  4:35  Probe x2  
  32  4:37  Stargate  
  34  4:39  Stargate  
  34  4:45  Probe  
  35  4:56  Assimilator, Probe  
  36  5:00  Probe  
  36  5:06  Probe  
  37  5:12  Probe  
  39  5:16  Robotics Facility  
  39  5:20  Pylon  
  39  5:23  Pylon  
  39  5:24  Probe  
  39  5:25  Carrier (Chrono Boost)  
  46  5:30  Probe  
  47  5:41  Probe  
  48  5:51  Probe  
  49  6:02  Probe  
  50  6:05  Observer  
  51  6:12  Probe  
  58  6:37  Pylon  
  58  6:41  Pylon  
  58  6:44  Carrier (Chrono Boost)  
  58  6:45  Pylon  
  64  6:53  Pylon  
  76  7:25  Carrier (Chrono Boost)  
  76  7:28  Carrier (Chrono Boost)  
  76  8:16  Nexus  
  76  8:19  Pylon  
  76  8:22  Pylon  
  76  8:25  Pylon  
  76  8:27  Assimilator  
  76  8:32  Assimilator  
  75  9:36  Photon Cannon  
  75  9:38  Photon Cannon  
  75  9:41  Photon Cannon, Carrier (Chrono Boost)  
  75  9:44  Photon Cannon  
  75  9:48  Photon Cannon  
  75  9:51  Nexus, Carrier (Chrono Boost)  
  75  9:52  Protoss Air Weapons Level 1 (Chrono Boost), Carrier (Chrono Boost)  
  93  9:53  Assimilator  
  93  9:58  Assimilator  
  93  10:00  Protoss Shields Level 1  
  93  10:25  Pylon  
  93  10:26  Pylon  
  93  10:32  Probe  
  94  10:44  Probe  
  95  10:56  Probe  
  96  11:02  Carrier (Chrono Boost)  
  102  11:16  Carrier (Chrono Boost)  
  114  11:21  Graviton Catapult  
  114  11:29  Carrier (Chrono Boost)  
  114  11:43  Observer  
  115  12:12  Probe  
  116  12:20  Photon Cannon, Carrier (Chrono Boost)  
  116  12:21  Photon Cannon  
  122  12:23  Photon Cannon  
  122  12:24  Probe  
  123  12:32  Carrier (Chrono Boost)  
  123  12:36  Probe  
  136  12:54  Carrier (Chrono Boost)  
  142  13:34  Carrier (Chrono Boost)  
  142  13:46  Carrier (Chrono Boost)  
Show
View Real Time Build Order
Export as new Build Order

syrryk Terran 

Build Orders:  

Get SALT Encoding   

  12  0:01  SCV  
  13  0:14  SCV  
  14  0:26  SCV, Supply Depot  
  15  0:48  SCV  
  16  0:51  Barracks  
  16  1:00  SCV  
  17  1:04  Supply Depot  
  17  1:12  SCV  
  17  1:18  Refinery  
  18  1:24  SCV  
  19  1:36  SCV  
  20  1:49  Command Center  
  20  1:53  Barracks  
  20  1:57  Marine  
  21  2:13  Engineering Bay  
  21  2:14  Marine  
  22  2:22  Orbital Command  
  22  2:32  Marine  
  23  2:43  Marine  
  24  2:50  Marine  
  25  2:52  Refinery  
  25  2:54  SCV  
  25  2:55  Missile Turret  
  26  3:01  Marine  
  27  3:06  SCV  
  27  3:08  Marine  
  29  3:19  Planetary Fortress, Marine  
  30  3:26  Marine  
  31  3:33  Missile Turret  
  31  3:37  Marine  
  32  3:43  Marine  
  33  3:49  Factory  
  33  3:54  Marine  
  33  3:55  Barracks  
  34  3:56  SCV  
  34  4:01  Marine  
  36  4:08  SCV  
  36  4:12  Marine  
  37  4:19  Marine  
  37  4:20  Missile Turret, SCV  
  37  4:21  SCV  
  40  4:33  SCV  
  40  4:35  Factory Tech Lab  
  40  4:36  Starport  
  41  4:41  Barracks Reactor, Marine x2  
  41  4:45  SCV  
  44  4:53  Barracks  
  44  4:57  SCV  
  42  5:09  Siege Tank  
  45  5:15  Starport Tech Lab  
  45  5:23  SCV  
  46  5:29  Missile Turret  
  46  6:01  Barracks Reactor  
  46  6:02  Barracks Tech Lab  
  46  6:11  Supply Depot  
  46  6:32  Marine x3, Raven  
  46  6:33  SCV, Supply Depot  
  46  6:35  Sensor Tower  
  52  6:43  Refinery  
  52  6:45  SCV  
  53  6:50  Marine  
  54  6:54  Marine x2  
  54  6:57  Supply Depot, SCV  
  57  7:06  Missile Turret  
  57  7:08  Marine  
  57  7:09  SCV  
  57  7:12  Marine  
  60  7:15  Medivac  
  62  7:47  Viking  
  64  8:04  Combat Shields  
  64  8:07  Barracks Reactor, Marine x3  
  64  8:08  Marine x2  
  64  8:10  SCV  
  70  8:14  Refinery  
  70  8:27  Marine, SCV  
  70  8:28  Viking  
  58  8:40  SCV  
  48  8:43  Reaper x3  
  48  8:44  Reaper x3  
  48  8:45  Reaper  
  51  9:15  Marine x3  
  51  9:16  Marine x2  
  56  9:17  Marine x2  
  58  9:32  Marine  
  58  9:33  Marine x3  
  58  9:34  Marine  
  58  9:35  Marine x2  
  65  9:42  Starport  
  65  9:43  Terran Infantry Weapons Level 1  
  65  9:47  Armory  
  65  9:50  Marine  
  65  9:51  Marine x4  
  65  9:52  Stimpack  
  70  10:01  Supply Depot  
  70  10:23  Marine x6, Raven  
  70  10:24  Supply Depot  
  78  10:36  Engineering Bay  
  78  10:38  Marine  
  78  10:41  Marine x6  
  61  10:56  Marine  
  61  10:58  Marine x5  
  61  10:59  Marine  
  67  11:11  Starport Reactor  
  67  11:14  Siege Tank, Marine  
  67  11:16  Marine x5  
  67  11:17  Marine  
  70  11:32  Marine  
  71  11:34  Marine x2  
  73  11:40  Medivac  
  73  11:43  Marine  
  73  11:44  Marine x3  
  73  11:46  Siege Tank  
  82  11:50  Marine  
  82  11:52  Marine x2  
  85  12:01  Marine  
  86  12:12  Marine  
  86  12:13  Marine  
  86  12:15  Marine  
  85  12:19  Medivac  
  86  12:31  Supply Depot  
  86  12:33  Terran Infantry Weapons Level 2  
  86  12:34  Terran Infantry Armor Level 1  
  86  12:38  Supply Depot  
  86  12:54  Supply Depot  
  86  13:35  Marine x4  
  86  13:36  Marine  
  87  13:53  Marine x5  
  91  14:10  Marine  
  91  14:11  Marine x4  
  96  14:25  Marine x2  
  96  14:28  Marine x2  
  96  14:29  Marine x3, Supply Depot  
  103  14:43  Marine x2  
  105  14:55  Supply Depot  
Show
View Real Time Build Order
Export as new Build Order

DannyBoy Protoss 

Build Orders:  

Get SALT Encoding   

  12  0:04  Probe (Chrono Boost)  
  13  0:14  Probe (Chrono Boost)  
  13  0:20  Pylon  
  14  0:25  Probe (Chrono Boost)  
  15  0:48  Gateway  
  15  0:53  Forge  
  15  0:56  Assimilator  
  15  0:58  Probe (Chrono Boost)  
  15  1:03  Assimilator  
  16  1:08  Probe (Chrono Boost)  
  17  1:19  Probe (Chrono Boost)  
  18  1:29  Probe (Chrono Boost)  
  18  1:32  Photon Cannon  
  19  1:40  Probe (Chrono Boost)  
  20  1:47  Cybernetics Core  
  20  1:51  Probe (Chrono Boost)  
  21  1:56  Pylon  
  22  2:01  Probe (Chrono Boost)  
  22  2:12  Probe (Chrono Boost)  
  23  2:20  Photon Cannon  
  23  2:24  Probe (Chrono Boost)  
  24  2:37  Stargate  
  24  2:43  Stargate  
  24  3:12  Probe (Chrono Boost)  
  25  3:22  Probe (Chrono Boost), Void Ray  
  30  3:44  Nexus  
  30  3:48  Pylon  
  30  3:54  Pylon  
  30  4:06  Void Ray x2  
  38  4:23  Photon Cannon  
  38  4:27  Photon Cannon  
  38  4:46  Photon Cannon  
  38  4:55  Photon Cannon  
  38  4:58  Probe (Chrono Boost)  
  39  5:09  Probe (Chrono Boost)  
  39  5:11  Void Ray  
  44  5:16  Protoss Air Weapons Level 1  
  44  5:19  Probe (Chrono Boost)  
  45  5:26  Void Ray  
  49  5:29  Probe (Chrono Boost)  
  50  5:38  Probe  
  51  5:49  Pylon  
  51  5:58  Stargate  
  51  6:05  Void Ray  
  51  6:09  Probe  
  56  6:18  Assimilator  
  56  6:19  Probe  
  56  6:21  Assimilator  
  56  6:22  Pylon  
  57  6:29  Photon Cannon  
  57  6:30  Probe  
  58  6:37  Void Ray  
  62  6:40  Probe  
  63  6:51  Probe  
  64  7:01  Probe  
  64  7:07  Robotics Facility  
  65  7:16  Void Ray  
  69  7:27  Protoss Shields Level 1 (Chrono Boost)  
  69  7:34  Probe  
  70  7:42  Void Ray  
  74  7:44  Void Ray  
  78  8:25  Protoss Air Armor Level 1  
  78  8:45  Void Ray  
  78  9:02  Probe, Void Ray  
  78  9:05  Void Ray  
  63  9:12  Probe  
  64  9:20  Stargate  
  64  9:23  Probe, Observer  
  66  9:33  Probe  
  67  9:44  Observer  
  68  9:52  Void Ray  
  72  9:53  Void Ray  
  76  10:06  Observer  
  77  10:27  Observer  
  78  11:03  Void Ray  
  78  11:05  Void Ray  
  66  11:14  Void Ray  
  66  11:15  Void Ray  
  74  11:46  Void Ray  
  78  11:53  Nexus  
  78  12:02  Pylon  
  78  12:09  Fleet Beacon  
  78  12:20  Void Ray  
  82  12:27  Void Ray x2  
  86  12:41  Pylon  
  86  12:53  Void Ray  
  82  13:02  Void Ray  
  78  13:17  Nexus  
  78  13:22  Pylon  
  78  13:24  Pylon  
  78  13:28  Pylon  
  78  13:33  Photon Cannon  
  78  13:34  Photon Cannon  
  78  13:37  Photon Cannon  
  70  14:05  Photon Cannon  
  70  14:08  Photon Cannon  
  70  14:10  Photon Cannon  
  44  14:37  Photon Cannon  
Show
View Real Time Build Order
Export as new Build Order

TVARELA Zerg 

Build Orders: Hatch First 

Get SALT Encoding   

  12  0:02  Drone  
  13  0:12  Drone  
  14  0:18  Overlord  
  14  0:30  Extractor  
  14  0:32  Extractor, Drone x2  
  16  0:37  Drone  
  17  1:01  Drone x2  
  19  1:06  Hatchery  
  18  1:22  Extractor, Drone x2  
  18  1:23  Spawning Pool  
  18  1:47  Drone  
  18  1:53  Overlord  
  19  1:57  Hatchery  
  18  2:04  Drone x2  
  20  2:15  Zergling x2  
  21  2:16  Queen  
  23  2:27  Queen  
  25  2:39  Drone  
  25  2:41  Roach Warren  
  25  2:44  Metabolic Boost  
  25  2:48  Drone  
  26  2:52  Drone  
  26  2:55  Drone  
  26  2:58  Drone  
  29  3:00  Drone  
  30  3:09  Overlord  
  30  3:11  Zergling x2  
  31  3:13  Zergling x2  
  31  3:15  Drone  
  33  3:23  Drone  
  33  3:24  Drone x2  
  33  3:26  Drone  
  37  3:32  Lair  
  37  3:40  Zergling x4  
  37  3:41  Drone  
  40  3:42  Drone  
  40  3:47  Queen  
  43  3:50  Drone  
  43  3:52  Drone  
  43  3:54  Drone  
  43  3:55  Drone  
  47  3:57  Drone  
  47  3:58  Drone  
  47  4:01  Drone  
  50  4:07  Overlord  
  50  4:16  Spine Crawler  
  49  4:17  Spore Crawler, Spine Crawler  
  49  4:20  Roach  
  49  4:21  Overlord  
  49  4:36  Glial Reconstitution  
  49  4:41  Evolution Chamber  
  49  4:42  Extractor, Evolution Chamber  
  49  4:44  Drone x2  
  49  4:45  Extractor, Roach x4  
  55  4:46  Roach  
  55  4:48  Drone  
  55  4:49  Drone x3  
  61  4:53  Extractor  
  61  4:57  Drone x3  
  61  4:58  Extractor, Drone  
  63  5:15  Overlord x3  
  63  5:18  Roach  
  63  5:20  Overlord x2  
  65  5:24  Overseer x2  
  65  5:40  Overseer  
  65  5:43  Roach  
  65  5:44  Roach x5  
  77  5:52  Drone x5  
  77  5:53  Drone x2  
  84  6:05  Infestation Pit  
  84  6:06  Drone x3  
  84  6:07  Drone x3  
  89  6:15  Zerg Melee Weapons Level 1  
  89  6:20  Zerg Ground Armor Level 1  
  89  6:24  Extractor  
  88  6:40  Zergling x4  
  88  6:42  Hatchery  
  89  6:54  Zergling x2  
  89  6:56  Overlord  
  89  6:57  Overlord x6  
  90  7:03  Hive  
  90  7:11  Nydus Network  
  90  7:12  Drone  
  90  7:15  Nydus Network  
  84  7:30  Spore Crawler  
  84  7:33  Queen  
  85  7:41  Zergling x8  
  85  7:42  Zergling x10  
  85  7:43  Zergling x12  
  100  7:44  Zergling x2  
  100  7:45  Zergling x6  
  104  7:59  Zergling x10  
  104  8:00  Zergling x2  
  110  8:17  Drone x3  
  110  8:18  Drone x6  
  110  8:19  Drone  
  119  8:44  Zerg Melee Weapons Level 2  
  119  8:45  Ultralisk Cavern, Zerg Ground Armor Level 2  
  116  8:56  Nydus Canal  
  116  8:59  Nydus Canal  
  116  9:11  Nydus Canal  
  116  9:36  Ultralisk x5  
  116  9:38  Overlord x3  
  146  9:39  Overlord x5  
  146  9:41  Chitinous Plating  
  146  9:49  Zergling x6  
  146  9:50  Zergling x2  
  146  9:51  Adrenal Glands  
  150  10:12  Ultralisk  
  150  10:13  Ultralisk  
  162  10:27  Zergling x2  
  162  10:28  Zergling x18  
  119  10:39  Zergling x8  
  119  10:40  Zergling x2  
  99  10:55  Ultralisk  
  98  11:00  Zergling x14  
  99  11:19  Spire  
  99  11:21  Ultralisk, Spire  
  99  11:22  Zergling x2  
  99  11:23  Zergling x6  
  99  11:24  Overlord x4  
  99  11:25  Overlord  
  107  11:26  Overseer  
  107  11:27  Overseer x2  
  107  11:28  Overseer  
  107  11:30  Overseer  
  107  11:46  Burrow  
  107  11:48  Pneumatized Carapace  
  107  12:07  Zerg Ground Armor Level 3  
  107  12:18  Nydus Canal  
  105  12:44  Ultralisk  
  111  12:54  Zergling x8  
  111  12:55  Zergling x32  
  131  13:01  Zergling x2, Ultralisk  
  133  13:18  Ultralisk  
  139  13:43  Ultralisk x2  
  139  13:44  Zergling x6  
  139  13:45  Zergling x6  
  157  13:55  Zergling x6  
  152  13:56  Zergling x6  
  152  14:02  Zergling x4, Ultralisk  
  162  14:03  Zergling x12  
  168  14:13  Nydus Canal  
  168  14:20  Zergling x6  
  168  14:21  Zergling x10  
  169  14:29  Zergling x2  
  169  14:30  Zergling x6  
  170  14:40  Zergling x4  
  170  14:41  Zergling x2  
Show
View Real Time Build Order
Export as new Build Order

SadBanana Terran 

Build Orders:  

Get SALT Encoding   

  12  0:00  SCV  
  13  0:13  SCV  
  14  0:23  Supply Depot  
  14  0:25  SCV  
  15  0:31  Refinery  
  15  0:44  SCV  
  15  0:49  Barracks  
  16  0:56  SCV  
  17  1:07  Barracks  
  17  1:13  SCV  
  18  1:25  SCV  
  19  1:32  Refinery  
  19  1:37  SCV  
  20  1:40  Ghost Academy  
  20  1:54  Barracks Tech Lab  
  20  1:59  Orbital Command  
  20  2:15  Barracks  
  20  2:24  Ghost  
  22  2:35  Personal Cloaking  
  22  2:41  SCV  
  23  3:02  Supply Depot  
  23  3:06  Supply Depot  
  23  3:14  Barracks Tech Lab  
  23  3:23  Ghost, Factory  
  23  3:24  SCV  
  26  3:36  SCV  
  26  3:41  Ghost  
  27  3:48  SCV  
  30  4:00  Ghost  
  28  4:19  Hellion  
  30  4:31  Ghost  
  30  4:38  Nuke  
  32  4:39  Command Center  
  32  4:50  Hellion  
  32  5:19  Ghost  
  32  5:20  Ghost  
  34  5:41  Nuke  
  34  5:44  Hellion  
  36  5:51  Ghost  
  38  6:06  Hellion  
  40  6:12  Orbital Command  
  40  6:14  Ghost Academy  
  40  6:27  Hellion  
  40  6:29  Starport  
  42  6:39  Supply Depot  
  40  6:48  Nuke  
  40  7:02  Supply Depot  
  24  9:52  Orbital Command  
  24  11:21  Medivac  
  26  11:31  Marine  
  27  11:49  Marine  
  27  11:51  Medivac  
  30  12:07  Marine  
  31  12:20  Medivac  
  33  12:25  Marine  
  34  12:43  Marine  
Show
View Real Time Build Order
Export as new Build Order

Jhyrachy Zerg 

Build Orders: Hatch First, Lurkers 

Get SALT Encoding   

  12  0:03  Drone  
  13  0:09  Drone  
  14  0:32  Overlord  
  14  0:35  Extractor  
  14  0:37  Extractor  
  14  0:38  Drone  
  14  0:39  Drone  
  16  0:51  Overlord  
  17  1:04  Drone  
  17  1:07  Drone  
  17  1:10  Hatchery  
  17  1:16  Extractor, Drone  
  17  1:29  Spawning Pool  
  17  1:31  Drone  
  17  1:41  Drone  
  18  1:51  Drone  
  19  2:05  Drone  
  20  2:12  Drone  
  20  2:13  Extractor  
  20  2:17  Queen  
  22  2:28  Queen  
  24  2:35  Drone x2  
  26  2:38  Drone x2  
  28  2:45  Overlord  
  28  3:02  Lair  
  28  3:03  Queen  
  30  3:09  Drone  
  30  3:10  Drone x4  
  35  3:45  Drone  
  35  3:46  Drone x8  
  44  4:03  Overlord x3  
  44  4:11  Hydralisk Den  
  43  4:44  Lurker Den  
  43  5:19  Extractor, Drone x2  
  43  5:20  Drone  
  45  5:22  Extractor  
  45  5:23  Drone x3  
  45  5:25  Drone x2  
  49  5:33  Hatchery  
  48  5:41  Drone x2  
  50  5:54  Queen  
  52  6:09  Overlord x4  
  52  6:10  Overlord x11  
  52  6:23  Muscular Augments  
  52  7:52  Evolution Chamber  
  52  7:53  Evolution Chamber  
  50  8:08  Spire  
  49  8:20  Hydralisk  
  49  8:21  Hydralisk x18  
  87  8:42  Hydralisk  
  87  8:43  Hydralisk x9  
  107  8:50  Zerg Ground Armor Level 1, Zerg Missile Weapons Level 1  
  99  9:24  Lurker  
  99  9:25  Lurker x9  
  99  9:27  Hydralisk  
  99  9:28  Hydralisk x9  
  115  10:46  Hydralisk x7  
  115  10:47  Hydralisk x12  
  139  11:20  Hatchery  
  138  11:29  Zerg Missile Weapons Level 2, Zerg Ground Armor Level 2  
  138  11:52  Hatchery  
  137  12:08  Infestation Pit  
  136  12:12  Hydralisk x7  
  136  12:13  Hydralisk x8  
Show
View Real Time Build Order
Export as new Build Order

Esmen Zerg 

Build Orders: Pool First, Lurkers 

Get SALT Encoding   

  12  0:06  Drone  
  13  0:08  Drone  
  14  0:17  Overlord  
  14  0:33  Extractor  
  13  0:36  Drone  
  13  0:37  Drone  
  15  0:48  Spawning Pool  
  15  0:49  Drone  
  15  0:53  Drone  
  16  1:05  Drone  
  17  1:27  Hatchery  
  17  1:32  Drone x2  
  17  1:35  Drone  
  19  1:47  Queen  
  19  1:51  Drone  
  22  2:03  Roach Warren  
  22  2:05  Drone  
  22  2:21  Metabolic Boost  
  22  2:26  Overlord x2  
  22  2:33  Extractor  
  21  2:38  Lair  
  21  2:52  Drone x2  
  23  3:16  Drone  
  23  3:17  Drone x2  
  23  3:19  Zergling x10  
  31  3:31  Queen  
  33  3:37  Drone x2  
  35  3:46  Drone  
  36  3:49  Drone x2  
  36  3:54  Extractor  
  37  4:00  Drone  
  38  4:08  Hydralisk Den  
  37  4:21  Spore Crawler  
  37  4:22  Overseer  
  36  4:24  Overseer  
  36  4:32  Drone x3  
  39  4:40  Queen  
  41  4:58  Evolution Chamber  
  41  4:59  Evolution Chamber  
  39  5:22  Overseer  
  39  5:25  Overlord x2  
  39  5:30  Lurker Den  
  39  5:37  Zerg Missile Weapons Level 1  
  39  5:38  Zerg Ground Armor Level 1  
  39  5:48  Drone x2  
  39  5:49  Drone x3  
  44  6:06  Drone x2  
  44  6:08  Drone x2  
  44  6:11  Roach x6  
  60  6:37  Hatchery  
  59  6:49  Overlord  
  59  6:50  Overlord x3  
  59  6:54  Overseer  
  59  6:58  Overseer  
  59  7:23  Extractor  
  59  7:27  Spore Crawler  
  57  7:34  Hydralisk  
  57  7:35  Hydralisk x5  
  69  7:50  Infestation Pit  
  68  7:56  Muscular Augments  
  68  7:57  Zerg Missile Weapons Level 2  
  68  7:58  Zerg Ground Armor Level 2  
  43  8:23  Spore Crawler x2  
  43  8:25  Spore Crawler  
  36  8:32  Drone  
  36  8:33  Hydralisk x5  
  33  8:51  Hydralisk x3  
  31  8:57  Spore Crawler  
  29  9:23  Drone x7  
  36  9:44  Hatchery  
  35  9:45  Extractor  
  35  9:50  Extractor, Drone x3  
  36  10:17  Lurker  
  36  10:18  Lurker  
  36  10:19  Lurker  
  36  10:20  Hydralisk x2  
  30  11:13  Hydralisk  
  30  11:14  Hydralisk x2  
  30  11:16  Queen  
  30  11:17  Drone x2  
  40  11:25  Extractor  
  39  11:27  Hive  
  39  11:29  Drone  
  39  11:32  Drone  
  41  11:48  Drone x2  
  43  11:56  Lurker x2  
  43  11:57  Lurker  
  46  12:44  Queen  
  48  12:51  Queen  
  50  13:02  Spire  
  49  13:20  Drone  
  49  13:21  Drone x4  
  54  13:35  Hydralisk  
  54  13:36  Hydralisk x4  
  64  14:31  Hydralisk x2  
Show
View Real Time Build Order
Export as new Build Order

Qwerty Zerg 

Build Orders: Pool First 

Get SALT Encoding   

  12  0:05  Drone  
  13  0:16  Overlord  
  13  0:24  Drone  
  14  0:36  Spawning Pool  
  14  0:39  Drone  
  14  0:44  Drone  
  14  0:47  Drone  
  16  1:01  Drone  
  17  1:05  Extractor  
  17  1:09  Evolution Chamber  
  15  1:12  Drone  
  16  1:35  Hatchery  
  16  1:36  Drone x2  
  16  1:37  Drone  
  18  1:50  Overlord  
  18  2:04  Spore Crawler x2  
  16  2:08  Spine Crawler  
  16  2:11  Drone  
  16  2:17  Drone  
  16  2:21  Drone  
  18  2:37  Drone  
  19  2:43  Drone  
  20  2:45  Lair  
  20  2:52  Queen  
  22  3:02  Extractor  
  21  3:15  Drone  
  21  3:18  Drone  
  23  3:22  Spore Crawler x2, Drone  
  22  3:27  Spine Crawler  
  21  3:47  Spire  
  20  3:53  Drone x3  
  23  3:57  Drone x2  
  25  4:13  Drone  
  26  4:18  Drone x4  
  26  4:24  Extractor  
  29  4:34  Drone  
  29  4:35  Drone  
  31  4:40  Extractor  
  30  4:47  Drone  
  30  4:48  Drone x3  
  30  4:49  Drone  
  35  5:07  Overlord x3  
  35  5:26  Zerg Flyer Weapons Level 1  
  35  5:28  Mutalisk x3  
  35  5:29  Mutalisk x2  
  35  5:32  Mutalisk  
  47  5:45  Mutalisk  
  47  5:46  Drone  
  47  5:47  Drone x2  
  47  5:49  Drone  
  53  5:51  Mutalisk  
  55  6:14  Mutalisk x2  
  59  6:23  Overlord x3  
  59  6:31  Overlord x2  
  59  6:32  Overlord  
  59  6:59  Mutalisk x3  
  59  7:00  Mutalisk  
  67  7:02  Mutalisk, Hatchery  
  67  7:05  Extractor  
  67  7:08  Mutalisk, Extractor  
  68  7:19  Drone x4  
  68  7:20  Drone  
  73  7:30  Mutalisk x2  
  77  8:11  Mutalisk x4  
  77  8:12  Mutalisk x2  
  89  8:16  Metabolic Boost  
  81  9:02  Mutalisk  
  81  9:03  Mutalisk x5  
  87  9:27  Mutalisk  
  87  9:28  Mutalisk x2  
  93  9:46  Extractor  
  92  10:03  Drone x3  
  92  10:05  Hatchery  
  92  10:06  Drone x2  
  92  10:07  Drone  
  97  10:11  Extractor  
  46  11:03  Mutalisk x5  
  46  11:04  Mutalisk  
  53  11:26  Mutalisk x5  
  60  11:55  Corruptor x5  
  69  12:07  Corruptor x2  
Tags
 
Add a new tag
Caveats
  • Supply blocks, unpowered buildings, or Contaminate may cause inaccurate times.
  • Supply counts are checked every 10 seconds.